 Dungeon Crawl Stone Soup version 0.20.1-1-g8b1a95d66d (webtiles) character file.

6721 Gargoyl the Protected (level 10, -2/83 (84) HPs)
             Began as a Centaur Abyssal Knight on Dec 29, 2017.
             Was a Priest of Lugonu.
             Slain by a spiny frog (15 damage)
             ... on level 1 of the Lair of Beasts.
             The game lasted 00:17:37 (12554 turns).

Gargoyl the Protected (Centaur Abyssal Knight)     Turns: 12554, Time: 00:17:38

HP:   -2/83 (84)    AC: 19    Str: 16    XL:     10   Next: 74%
MP:   15/15         EV:  4    Int: 15    God:    Lugonu [***...]
Gold: 688           SH:  0    Dex: 15    Spells: 9/9 levels left

rFire    . . .     SeeInvis .   z - +2 broad axe
rCold    . . .     Gourm    .   (no shield)
rNeg     . . .     Faith    .   f - +1 plate armour
rPois    .         Spirit   .   n - +2 helmet
rElec    .         Reflect  .   p - scarf {cloud immunity}
rCorr    +         Harm     .   v - +2 pair of gloves
MR       .....                  (no barding)
Stlth    ..........             b - amulet of magic regeneration
Regen    0.3/turn               d - +2 ring of strength
MPRegen  0.3/turn               D - ring of resist corrosion

@: confused, lethally poisoned (-2 -> -17), very quick
A: hooves 3, agile 1, clever 2, deformed body, speed 2, mutation resistance 1,
tough skin 3
a: Depart the Abyss, Bend Space, Banish, Renounce Religion


You were on level 1 of the Lair of Beasts.
You worshipped Lugonu.
Lugonu was most pleased with you.
You were not hungry.

You visited 2 branches of the dungeon, and saw 9 of its levels.
You visited the Abyss 1 time.

You collected 688 gold pieces.

Inventory:

Hand Weapons
 a - a +2 hand axe
 z - a +2 broad axe (weapon)
Armour
 f - a +1 plate armour (worn)
 n - a +2 helmet (worn)
 p - a scarf of cloud immunity (worn)
 v - a +2 pair of gloves (worn)
Jewellery
 b - an amulet of magic regeneration (around neck)
 d - a +2 ring of strength (left hand)
 C - an uncursed ring of see invisible
 D - a ring of resist corrosion (right hand)
Scrolls
 h - a scroll of identify
 k - 5 scrolls of teleportation
 q - a scroll of fear
 t - a scroll of blinking
 w - a scroll of fog
 A - a scroll of recharging
 E - 3 scrolls of remove curse
Potions
 l - 2 potions of brilliance
 m - a potion of haste {unknown}
 o - a potion of ambrosia
 r - a potion of lignification {unknown}
 s - a potion of curing
 u - a potion of berserk rage {unknown}
 x - a potion of agility {unknown}
 B - a potion of magic
Books
 e - a book of Minor Magic

   Spells                             Type                      Level
   a - Magic Dart                     Conjuration                  1
   b - Blink                          Translocation                2
   c - Call Imp                       Summoning                    2
   d - Slow                           Hexes                        2
   e - Conjure Flame                  Conjuration/Fire             3
   f - Mephitic Cloud                 Conjuration/Poison/Air       3
 y - a book of Cantrips

   Spells                             Type                      Level
   a - Confusing Touch                Hexes                        1
   b - Animate Skeleton               Necromancy                   1
   c - Summon Small Mammal            Summoning                    1
   d - Apportation                    Translocation                1
Comestibles
 c - 6 bread rations
 g - 7 meat rations
 i - 5 fruits
 j - 2 royal jellies
 F - 3 chunks of flesh


   Skills:
 + Level 6.6 Fighting
 + Level 8.2 Axes
 * Level 8.4 Armour
 + Level 1.8 Dodging
 * Level 7.2 Invocations


You had 9 spell levels left.
You didn't know any spells.

Dungeon Overview and Level Annotations

Branches:
Dungeon (8/15)             Temple (0/1) D:4            Lair (1/6) D:8

Altars:
Ashenzari
Dithmenos
Kikubaaqudgha
Ru
Uskayaw
Xom
Yredelemnul

Shops:
D:5 }

Annotations:
Abyss:1 Prince Ribbit


Innate Abilities, Weirdness & Mutations

You have hooves in place of feet.
Armour fits poorly on your strangely shaped body.
You cover ground very quickly.
You have extremely tough skin. (AC +3)
You are agile. (Dex +2)
Your mind is very acute. (Int +4)
You are somewhat resistant to further mutation.


Message History

You feel sick.
The spiny frog stings you but does no damage.
Your plate armour prevents you from hitting the spiny frog.
You kick the spiny frog, but do no damage.
The spiny frog is heavily wounded.
* * * LOW HITPOINT WARNING * * *
You feel sick.
The spiny frog stings you but does no damage.
The spiny frog stings you.
* * * LOW HITPOINT WARNING * * *
You are confused.
You feel invigorated.
* * * LOW HITPOINT WARNING * * *
You feel sick. The spiny frog stings you.
* * * LOW HITPOINT WARNING * * *
You slash the spiny frog! You kick the spiny frog.
The spiny frog is almost dead.
* * * LOW HITPOINT WARNING * * *
You feel sick. The spiny frog stings you!
You die...

#..............# #....#
##............## ......#
##...........### ..(...P
#..............# .......
#.P#........#...
.......##.##.......##..#
#:.....#.####.......#...
#......#.# ##....### ..
#...F@## ##..## ##.....#
#### #.#.?## # ..## #.#
.. #.# .#


You could see a spiny frog.

Vanquished Creatures
  2 spiny frogs (Lair:1)
  A rime drake (Lair:1)
  Grinder (D:4)
  A hippogriff (D:6)
  5 humans (D:6)
  3 yaks (Lair:1)
  A basilisk (Lair:1)
  Menkaure (D:4)
  2 porcupines (Lair:1)
  2 water moccasins (Lair:1)
  Duvessa (D:4)
  An orc warrior (D:8)
  2 sky beasts (D:6)
  A phantom (D:6)
  A black bear (D:6)
  A necrophage (D:6)
  2 ogres
  A crocodile (Lair:1)
  3 centaurs
  6 bullfrogs
  A gnoll sergeant (D:5)
  3 scorpions
  Dowan (D:4)
  2 howler monkeys (D:4)
  A crimson imp (D:6)
  5 hounds
  A quasit (D:6)
  A bullfrog zombie (D:8)
  2 jellies
  3 orc priests
  2 iguanas
  Natasha (twice) (D:2)
  5 orc wizards
  3 worker ants
  A hound skeleton (D:5)
  2 hound zombies
  A worker ant zombie (D:7)
  Robin (D:3)
  9 gnolls
  8 adders
  2 shadow imps (D:6)
  An ooze (D:3)
  A worm (D:3)
  2 dart slugs
  4 leopard geckos
  20 orcs
  A ball python (D:6)
  5 giant cockroaches
  17 goblins
  7 hobgoblins
  2 jackals (D:8)
  3 quokkas
  5 bats
  7 frilled lizards
  A jackal skeleton (D:4)
  4 kobolds
  5 rats
179 creatures vanquished.

Vanquished Creatures (others)
  A two-headed ogre (D:8)
  The ghost of keat06 the Cleaver, a novice FoFi of Elyvilon (D:7)
2 creatures vanquished.

Grand Total: 181 creatures vanquished

Notes
Turn   | Place    | Note
-------+----------+-------------------------------------------
     0 | Abyss:1  | Gargoyl the Centaur Abyssal Knight began the quest for the Orb.
     0 | Abyss:1  | Reached XP level 1. HP: 19/19 MP: 2/2
    34 | Abyss:3  | Noticed an ancient zyme
    34 | Abyss:3  | Found a snail-covered altar of Cheibriados.
    80 | D:1      | Escaped the Abyss
   361 | D:1      | Reached * piety under Lugonu
   361 | D:1      | Reached XP level 2. HP: 22/26 MP: 3/3
  1126 | D:2      | Reached XP level 3. HP: 29/33 MP: 4/4
  1174 | D:2      | Noticed Natasha
  1186 | D:2      | Killed Natasha
  1465 | D:2      | Reached XP level 4. HP: 40/40 MP: 5/5
  1706 | D:2      | Found a hide-covered altar of Uskayaw.
  1709 | D:2      | Found a basalt altar of Yredelemnul.
  1712 | D:2      | Found a shadowy altar of Dithmenos.
  1737 | D:2      | Found a faded altar of an unknown god.
  1961 | D:2      | Found a shattered altar of Ashenzari.
  1992 | D:2      | Noticed Natasha
  1999 | D:2      | Killed Natasha
  2504 | D:3      | Noticed Robin
  2511 | D:3      | Reached ** piety under Lugonu
  2794 | D:3      | Killed Robin
  3113 | D:3      | Reached XP level 5. HP: 46/46 MP: 6/6
  3710 | D:4      | Noticed Grinder
  3726 | D:4      | Killed Grinder
  3726 | D:4      | Reached XP level 6. HP: 18/53 MP: 8/8
  4295 | D:4      | Found a staircase to the Ecumenical Temple.
  4594 | D:4      | Reached XP level 7. HP: 55/60 MP: 9/9
  4683 | D:4      | Noticed Duvessa
  4684 | D:4      | Noticed Dowan
  4704 | D:4      | Killed Dowan
  4731 | D:4      | Killed Duvessa
  5266 | D:4      | Noticed Menkaure
  5270 | D:4      | Killed Menkaure
  5272 | D:4      | Found a sacrificial altar of Ru.
  5450 | D:4      | Reached skill level 5 in Fighting
  5450 | D:4      | Reached XP level 8. HP: 58/68 MP: 11/11
  5601 | D:5      | Entered Level 5 of the Dungeon
  5761 | D:5      | Reached skill level 5 in Armour
  5894 | D:5      | Noticed Prince Ribbit
  5955 | D:5      | Reached *** piety under Lugonu
  6214 | D:6      | Noticed a hippogriff
  6224 | D:6      | Killed a hippogriff
  6367 | D:5      | Banished Prince Ribbit
  6385 | D:5      | Found Wyseneamya's Gadget Boutique.
  6726 | D:6      | Reached skill level 5 in Axes
  7001 | D:5      | Reached skill level 5 in Invocations
  7451 | D:6      | Reached skill level 1 in Dodging
  7641 | D:6      | Reached XP level 9. HP: 64/74 MP: 12/12
  7797 | D:6      | Gained mutation: Your mind is acute. (Int +2) [mutagenic meat]
  7798 | D:6      | Gained mutation: Your mind is very acute. (Int +4) [mutagenic meat]
  7799 | D:6      | Gained mutation: You are agile. (Dex +2) [mutagenic meat]
  7800 | D:6      | Gained mutation: You are frail. (-10% HP) [mutagenic meat]
  7801 | D:6      | Lost mutation: You are frail. (-10% HP) [mutagenic meat]
  7802 | D:6      | Gained mutation: You are somewhat resistant to further mutation. [mutagenic meat]
  8283 | D:6      | Found an ancient bone altar of Kikubaaqudgha.
  8737 | D:7      | Found a shimmering altar of Xom.
  8739 | D:7      | Found a shimmering altar of Xom.
  8744 | D:7      | Found a shimmering altar of Xom.
  8744 | D:7      | Found a shimmering altar of Xom.
  8849 | D:7      | Noticed keat06's ghost (novice FoFi)
  8863 | D:7      | Banished keat06's ghost
  9389 | D:7      | Found a shimmering altar of Xom.
  9391 | D:7      | Found a shimmering altar of Xom.
  9395 | D:7      | Found a shimmering altar of Xom.
  9749 | D:8      | Noticed a two-headed ogre
  9772 | D:8      | Banished a two-headed ogre
  9772 | D:8      | Reached XP level 10. HP: 35/82 MP: 14/14
 10143 | D:8      | Found a staircase to the Lair.
 10837 | Lair:1   | Entered Level 1 of the Lair of Beasts
 11001 | Lair:1   | Reached **** piety under Lugonu
 11933 | Lair:1   | Noticed a spiny frog
 11942 | Lair:1   | Killed a spiny frog
 12543 | Lair:1   | Noticed a spiny frog
 12543 | Lair:1   | Noticed a spiny frog
 12548 | Lair:1   | Killed a spiny frog
 12554 | Lair:1   | Slain by a spiny frog

Skill      XL: |  1  2  3  4  5  6  7  8  9 10 |
---------------+-------------------------------+-----
Axes           | 2 3 4 5 7 8 |  8.2
Armour         | 2 3 4 6 7 8 |  8.4
Fighting       | 4 5 6 |  6.6
Invocations    | 3 4 5 6 7 |  7.2
Dodging        | 1 |  1.8

Action                   |  1- 3 |  4- 6 |  7- 9 | 10-12 || total
-------------------------+-------+-------+-------+-------++-------
Melee: Hand axe          |    70 |   172 |   371 |       ||   613
       Kick              |     9 |    41 |   119 |    44 ||   213
       Broad axe         |       |       |    61 |   144 ||   205
Invok: Depart the Abyss  |     1 |       |       |       ||     1
       Banish            |       |       |     3 |     1 ||     4
  Use: Scroll            |     3 |     4 |     9 |     6 ||    22
       Potion            |       |     2 |     9 |     1 ||    12
  Eat: Chunk             |     1 |     8 |    22 |     8 ||    39
Armor: Plate armour      |    74 |   180 |   393 |   163 ||   810
Dodge: Dodged            |    13 |    25 |    67 |    39 ||   144
